 Dungeon Crawl Stone Soup version 0.16-a0-1816-g2c93a98 (webtiles) character file.

35 timbw the Insei (level 3, -1/23 HPs)
             Began as an Octopode Transmuter on Nov 3, 2014.
             Slain by an orc wizard
             ... wielding a +0 dagger
              (3 damage)
             ... on level 3 of the Dungeon.
             The game lasted 00:01:01 (194 turns).

timbw the Insei (Octopode Transmuter)                Turns: 194, Time: 00:01:01

Health: -1/23      AC:  1    Str:  9    XL:     3   Next: 35%
Magic:  6/6        EV: 12    Int: 15    God:
Gold:   30         SH:  0    Dex: 13    Spells: 1 memorised, 5 levels left

rFire  . . .     SeeInvis .       - Unarmed
rCold  . . .     Clarity  .     (no shield)
rNeg   . . .     SustAb   .     (helmet restricted)
rPois  .         Gourm    .     (no amulet)
rElec  .         Spirit   .     (no ring)
rCorr  .         Warding  .     (no ring)
rMut   .         Stasis   .     (no ring)
MR     .....                    (no ring)
Stlth  ++........               (no ring)
                                (no ring)
                                (no ring)
                                (no ring)

@: appendage (expiring), not resistant to hostile enchantments, unstealthy
A: almost no armour, amphibious, 8 rings, constrict 8, tentacle spike 3,
camouflage 1, gelatinous body 1
a: End Transformation


You were on level 3 of the Dungeon.
You were not hungry.
One of your tentacles had a temporary spike.
You visited 1 branch of the dungeon, and saw 4 of its levels.

You collected 30 gold pieces.

Inventory:

Missiles
 b - 12 arrows
Books
 d - a book of Changes

   Spells                             Type                      Level
   *Beastly Appendage                 Transmutation                1
   Sticks to Snakes                   Transmutation                2
   Spider Form                        Transmutation/Poison         3
   Ice Form                           Ice/Transmutation            4
   Blade Hands                        Transmutation                5
Comestibles
 a - a bread ration


   Skills:
 - Level 1.0 Fighting
 - Level 2.0 Dodging
 + Level 4.3 Unarmed Combat
 - Level 2.0 Spellcasting
 - Level 2.0 Transmutations


You had 5 spell levels left.
You knew the following spells:

 Your Spells              Type           Power        Failure   Level  Hunger
a - Beastly Appendage     Trmt           #.....       12%         1    #......


Dungeon Overview and Level Annotations

Branches:
Dungeon (4/15)
 Temple: D:4-7

Altars:


Innate Abilities, Weirdness & Mutations

You cannot wear most types of armour.
You are amphibious.
You can wear up to eight rings at the same time.
You can use your tentacles to constrict many enemies at once.
Your skin changes colour to match your surroundings (Stealth).
Your rubbery body absorbs attacks (AC +1).
One of your tentacles bears a large vicious spike.


Message History

The orc wizard hits you with a dagger.
There is a stone staircase leading up, spattered with blood here.
The orc wizard hits you with a dagger.
* * * LOW HITPOINT WARNING * * *
The orc throws a tomahawk.
The tomahawk hits you.
* * * LOW HITPOINT WARNING * * *
The orc wizard barely misses you.
You climb upwards.
There is a stone staircase leading down here.
You aren't carrying any potions.
You tentacle-slap the orc wizard. You grab the orc wizard.
You pierce the orc wizard, but do no damage.
The orc wizard is moderately wounded.
You constrict the orc wizard.
The orc wizard hits you but does no damage.
You tentacle-slap the orc wizard but do no damage.
Your tentacle spike misses the orc wizard.
The orc wizard is moderately wounded.
You constrict the orc wizard. The orc wizard hits you with a dagger.
You die...

#...........#
#########.########..#
#.........# #.<###
#.######### #.....
#.# ### ### #.####
#.# #.. ..# #.. #.#
#.#####.######. #.#
#(.........## .
#.####@o.........# .#
#....)....##.#...# .
#.####[#..#..<...#
#.# #.#....#...#.#
#.# #.#..#....## ..
#.# #.#..##..## #.#
#[#<.# ##S #.# #.#...
. #.# #.....


You could see an orc wizard.

Vanquished Creatures
  An orc wizard (D:3)
  2 orcs (D:3)
  A giant cockroach (D:4)
  A goblin (D:4)
  3 hobgoblins
8 creatures vanquished.

Notes
Turn   | Place    | Note
--------------------------------------------------------------
     0 | D:1      | timbw, the Octopode Transmuter, began the quest for the Orb.
     0 | D:1      | Reached XP level 1. HP: 13/13 MP: 3/3
    93 | D:3      | Noticed an orc wizard
   105 | D:3      | Killed an orc wizard
   105 | D:3      | Reached skill level 4 in Unarmed Combat
   105 | D:3      | Reached XP level 2. HP: 16/18 MP: 2/4
   105 | D:3      | Reached XP level 3. HP: 20/23 MP: 3/6
   191 | D:4      | HP: 1/23 [orc/ tomahawk (4)]
   194 | D:3      | Slain by an orc wizard

Action                   || total
-------------------------++-------
Melee: Unarmed           ||    24
 Cast: Beastly Appendage ||     2
